General information
- name: BNet
- type: Ladder team game (AT/RT)
- host: Battle.net
- saver: LeavePlzYouLost
map: GolemsInTheMist
- players: 8
- length: 57:37
- speed: Fast
- version: 1.26 W3XP
- replay type: Public
» download(213 KB)
Players
team 1 (loser)
JailhouseRock (
red | 44 APM | 2527 actions | 57:34)
8 Archmage
3 Summon Water Elemental
3 Brilliance Aura
1 Mass Teleport
1 Blizzard
1 Priestess of the Moon
1 Trueshot Aura
» actions
| Assign group hotkey | 164 | |
| Basic commands | 118 | |
| Build / train | 114 | |
| Enter build submenu | 67 | |
| Enter hero's abilities submenu | 9 | |
| Give item / drop item | 2 | |
| Remove unit from queue | 2 | |
| Right click | 982 | |
| Select / deselect | 571 | |
| Select group hotkey | 262 | |
| Use ability | 236 | |
2527 total
» units
| Peasant | 15 | |
| Footman | 4 | |
| Goblin Shredder | 2 | |
| Wisp | 5 | |
| Archer | 8 | |
| Rifleman | 24 | |
| Goblin Sapper | 4 | |
62 total
» upgrades
| Masonry | 5 | |
| Gunpowder | 3 | |
| Armor | 3 | |
| Long Rifles | 1 | |
| Animal War Training | 0 | |
12 total
» buildings
| Altar of Kings | 1 | |
| Barracks | 10 | |
| Farm | 16 | |
| Lumber Mill | 2 | |
| Arcane Vault | 1 | |
| Tree of Ages | 1 | |
| Ancient of War | 6 | |
| Keep | 2 | |
| Scout Tower | 37 | |
| Moon Well | 2 | |
| Hunter's Hall | 1 | |
| Blacksmith | 2 | |
| Town Hall | 5 | |
| Guard Tower | 8 | |
| Castle | 1 | |
95 total
» build order
00:51 Altar of Kings
00:54 Barracks
01:07 Farm
01:13 Farm
02:22 Farm
02:24 Farm
02:28 Lumber Mill
02:49 Lumber Mill
04:00 Arcane Vault
04:15 Tree of Ages
04:20 Ancient of War
04:21 Ancient of War
04:31 Farm
04:39 Keep
04:53 Scout Tower
04:54 Scout Tower
04:56 Scout Tower
04:57 Scout Tower
04:58 Scout Tower
04:59 Scout Tower
05:01 Scout Tower
05:02 Scout Tower
05:09 Scout Tower
05:10 Scout Tower
05:42 Ancient of War
05:47 Moon Well
06:27 Ancient of War
06:30 Ancient of War
06:34 Ancient of War
06:37 Hunter's Hall
06:45 Moon Well
07:21 Barracks
08:03 Blacksmith
08:05 Blacksmith
09:26 Town Hall
09:41 Scout Tower
09:42 Scout Tower
10:05 Barracks
10:11 Barracks
10:14 Barracks
10:30 Guard Tower
10:56 Guard Tower
11:01 Scout Tower
11:03 Scout Tower
11:04 Scout Tower
11:05 Scout Tower
11:06 Scout Tower
11:07 Scout Tower
11:10 Scout Tower
11:11 Scout Tower
11:11 Scout Tower
11:13 Scout Tower
11:14 Scout Tower
11:15 Scout Tower
11:20 Keep
11:41 Guard Tower
12:36 Guard Tower
13:09 Farm
13:10 Farm
13:11 Farm
16:17 Castle
16:23 Scout Tower
16:24 Scout Tower
16:25 Scout Tower
16:27 Scout Tower
16:27 Scout Tower
16:28 Scout Tower
16:29 Scout Tower
16:31 Scout Tower
16:32 Scout Tower
16:33 Scout Tower
16:35 Scout Tower
16:35 Scout Tower
16:36 Scout Tower
17:07 Guard Tower
18:48 Guard Tower
19:37 Guard Tower
21:37 Barracks
21:38 Barracks
21:39 Barracks
22:10 Barracks
22:11 Barracks
22:49 Guard Tower
23:27 Town Hall
25:41 Town Hall
51:15 Town Hall
54:35 Town Hall
54:55 Farm
54:59 Farm
55:00 Farm
55:01 Farm
55:02 Farm
55:03 Farm
55:10 Farm
55:13 Farm
» items
| Scroll of Regeneration | 10 | |
| Potion of Healing | 1 | |
| Ivory Tower | 3 | |
| Scroll of Town Portal | 1 | |
| Mechanical Critter | 1 | |
16 total

»
mattybatty (
teal | 27 APM | 47 actions | 01:44)
» actions
| Build / train | 13 | |
| Enter build submenu | 3 | |
| Right click | 8 | |
| Select / deselect | 14 | |
| Use ability | 9 | |
47 total
» units
» buildings
| Moon Well | 2 | |
| Altar of Elders | 1 | |
3 total
» build order
00:26 Moon Well
00:31 Altar of Elders
01:20 Moon Well

»
donjohn (
green | 29 APM | 1013 actions | 35:25)
5 Demon Hunter
1 Mana Burn
1 Evasion
3 Immolation
5 Priestess of the Moon
2 Scout
2 Trueshot Aura
1 Starfall
» actions
| Assign group hotkey | 24 | |
| Basic commands | 26 | |
| Build / train | 65 | |
| Enter build submenu | 20 | |
| Enter hero's abilities submenu | 10 | |
| Give item / drop item | 1 | |
| Right click | 327 | |
| Select / deselect | 314 | |
| Select group hotkey | 182 | |
| Use ability | 44 | |
1013 total
» units
| Wisp | 17 | |
| Chimaera | 8 | |
| Hippogryph | 12 | |
| Druid of the Talon | 3 | |
40 total
» upgrades
| Corrosive Breath | 1 | |
| Strength of the Wild | 3 | |
| Reinforced Hides | 3 | |
| Well Spring | 1 | |
| Ultravision | 1 | |
| Druid of the Talon Training | 2 | |
| Mark of the Talon | 1 | |
12 total
» buildings
| Guard Tower | 1 | |
| Tree of Life | 3 | |
| Tree of Eternity | 1 | |
| Ancient of Wind | 1 | |
| Chimaera Roost | 4 | |
| Altar of Kings | 1 | |
| Moon Well | 5 | |
| Hunter's Hall | 1 | |
17 total
» build order
09:10 Guard Tower
09:27 Tree of Life
09:39 Tree of Eternity
13:04 Ancient of Wind
14:26 Chimaera Roost
14:32 Chimaera Roost
15:43 Altar of Kings
16:02 Moon Well
16:10 Moon Well
16:18 Moon Well
17:11 Moon Well
17:15 Moon Well
17:25 Hunter's Hall
26:51 Tree of Life
26:57 Tree of Life
28:10 Chimaera Roost
28:15 Chimaera Roost
team 2 (winner)
LeavePlzYouLost (
yellow | 58 APM | 3326 actions | 57:36)
9 Blood Mage
3 Flame Strike
3 Banish
1 Summon Phoenix
2 Siphon Mana
» actions
| Assign group hotkey | 54 | |
| Basic commands | 218 | |
| Build / train | 163 | |
| ESC pressed | 3 | |
| Enter build submenu | 53 | |
| Enter hero's abilities submenu | 9 | |
| Give item / drop item | 15 | |
| Remove unit from queue | 9 | |
| Right click | 1186 | |
| Select / deselect | 850 | |
| Select group hotkey | 613 | |
| Use ability | 153 | |
3326 total
» units
| Peasant | 8 | |
| Footman | 9 | |
| Goblin Shredder | 1 | |
| Goblin Zeppelin | 1 | |
| Sorceress | 9 | |
| Gryphon Rider | 4 | |
| Knight | 7 | |
| Dragonhawk Rider | 6 | |
| Rifleman | 1 | |
| Wisp | 1 | |
| Priest | 1 | |
| Spell Breaker | 1 | |
49 total
» upgrades
| Masonry | 3 | |
| Lumber Harvesting | 1 | |
| Sorceress Training | 2 | |
| Magic Sentry | 1 | |
| Storm Hammers | 1 | |
| Swords | 3 | |
| Animal War Training | 1 | |
| Armor | 3 | |
| Plating | 3 | |
| Defend | 1 | |
| Cloud | 1 | |
| Backpack | 1 | |
| Gunpowder | 3 | |
| Long Rifles | 1 | |
| Barrage | 1 | |
| Flak Cannons | 1 | |
| Flying Machine Bombs | 1 | |
| Fragmentation Shards | 1 | |
| Flare | 1 | |
| Priest Training | 2 | |
| Nature's Blessing | 1 | |
| Control Magic | 1 | |
34 total
» buildings
| Altar of Kings | 1 | |
| Farm | 13 | |
| Barracks | 1 | |
| Scout Tower | 15 | |
| Arcane Tower | 5 | |
| Keep | 1 | |
| Arcane Vault | 1 | |
| Lumber Mill | 2 | |
| Castle | 1 | |
| Arcane Sanctum | 1 | |
| Gryphon Aviary | 2 | |
| Blacksmith | 2 | |
| Guard Tower | 14 | |
| Town Hall | 1 | |
| Workshop | 1 | |
| Cannon Tower | 1 | |
| Tree of Ages | 2 | |
| Altar of Elders | 2 | |
| Ancient of Wonders | 1 | |
| Tree of Eternity | 1 | |
| Tree of Life | 1 | |
| Moon Well | 1 | |
70 total
» build order
00:04 Altar of Kings
00:08 Farm
00:21 Barracks
00:49 Scout Tower
01:12 Farm
01:33 Arcane Tower
02:19 Farm
03:41 Keep
03:47 Arcane Vault
04:21 Farm
04:27 Lumber Mill
04:39 Lumber Mill
05:00 Farm
06:17 Castle
06:44 Arcane Sanctum
08:44 Gryphon Aviary
09:32 Farm
09:49 Blacksmith
10:40 Farm
13:27 Farm
14:12 Farm
16:16 Scout Tower
16:18 Scout Tower
16:19 Scout Tower
17:04 Guard Tower
17:17 Guard Tower
17:39 Farm
17:41 Farm
17:42 Farm
17:44 Guard Tower
18:27 Town Hall
18:29 Scout Tower
18:30 Scout Tower
18:31 Scout Tower
18:47 Blacksmith
18:50 Farm
19:00 Guard Tower
21:31 Scout Tower
21:32 Scout Tower
22:02 Guard Tower
22:31 Gryphon Aviary
22:39 Guard Tower
23:43 Guard Tower
23:44 Guard Tower
23:58 Guard Tower
27:39 Scout Tower
27:43 Scout Tower
27:45 Scout Tower
28:06 Workshop
28:15 Arcane Tower
28:27 Scout Tower
28:29 Scout Tower
28:43 Guard Tower
29:14 Cannon Tower
29:37 Guard Tower
30:04 Guard Tower
30:34 Arcane Tower
34:35 Tree of Ages
35:26 Altar of Elders
37:00 Tree of Ages
37:02 Ancient of Wonders
39:21 Tree of Eternity
41:14 Arcane Tower
47:28 Tree of Life
47:51 Altar of Elders
48:01 Moon Well
51:34 Scout Tower
51:51 Arcane Tower
51:53 Guard Tower
51:53 Guard Tower
» items
| Scroll of Regeneration | 11 | |
| Lesser Clarity Potion | 2 | |
| Scroll of Town Portal | 2 | |
| Orb of Fire | 5 | |
| Potion of Healing | 2 | |
| Ivory Tower | 9 | |
| Orb of Venom | 2 | |
| Anti-magic Potion | 2 | |
| Staff of Preservation | 1 | |
36 total

»
revygcam (
orange | 25 APM | 1452 actions | 57:34)
5 Shadow Hunter
3 Serpent Ward
1 Healing Wave
1 Hex
1 Blademaster
1 Critical Strike
2 Far Seer
1 Feral Spirit
1 Far Sight
» actions
| Assign group hotkey | 27 | |
| Basic commands | 36 | |
| Build / train | 104 | |
| Enter build submenu | 74 | |
| Enter hero's abilities submenu | 8 | |
| Right click | 512 | |
| Select / deselect | 364 | |
| Select group hotkey | 208 | |
| Use ability | 118 | |
1452 total
» units
| Peon | 24 | |
| Grunt | 17 | |
| Troll Headhunter/Berserker | 2 | |
| Goblin Zeppelin | 1 | |
| Troll Witch Doctor | 4 | |
| Shaman | 5 | |
| Wind Rider | 8 | |
| Acolyte | 2 | |
63 total
» upgrades
| Melee Weapons | 4 | |
| Ranged Weapons | 2 | |
| Armor | 5 | |
| Spiked Barricades | 2 | |
| Berserker Strength | 1 | |
| Troll Regeneration | 2 | |
| Witch Doctor Training | 2 | |
| Shaman Training | 2 | |
| Berserker Upgrade | 1 | |
21 total
» buildings
| Altar of Storms | 2 | |
| Orc Burrow | 12 | |
| Barracks | 1 | |
| War Mill | 4 | |
| Stronghold | 3 | |
| Voodoo Lounge | 1 | |
| Watch Tower | 26 | |
| Fortress | 1 | |
| Spirit Lodge | 1 | |
| Great Hall | 2 | |
| Beastiary | 2 | |
| Necropolis | 9 | |
| Altar of Darkness | 1 | |
65 total
» build order
00:33 Altar of Storms
00:40 Orc Burrow
00:55 Barracks
01:10 War Mill
01:57 Orc Burrow
02:36 Orc Burrow
03:10 Orc Burrow
04:22 Stronghold
04:31 Orc Burrow
06:03 Voodoo Lounge
06:28 Orc Burrow
06:36 Watch Tower
07:03 Fortress
07:09 Spirit Lodge
09:46 Great Hall
12:44 Great Hall
13:10 Watch Tower
13:13 Watch Tower
16:28 Watch Tower
16:54 Orc Burrow
22:48 Watch Tower
23:01 War Mill
24:34 Watch Tower
24:39 Watch Tower
24:43 Watch Tower
24:54 Watch Tower
25:00 Watch Tower
25:04 Stronghold
25:09 Watch Tower
25:28 Watch Tower
25:49 War Mill
26:47 Orc Burrow
27:22 Watch Tower
27:23 Stronghold
27:27 Watch Tower
27:42 Watch Tower
27:55 Watch Tower
28:11 Watch Tower
28:32 Watch Tower
28:39 Watch Tower
29:10 Watch Tower
29:43 Altar of Storms
30:00 Watch Tower
30:31 Watch Tower
31:17 Beastiary
32:08 Watch Tower
33:30 Orc Burrow
34:05 Watch Tower
34:34 Beastiary
34:50 War Mill
36:35 Watch Tower
37:02 Orc Burrow
38:38 Watch Tower
38:59 Orc Burrow
40:42 Orc Burrow
50:47 Necropolis
53:16 Necropolis
54:11 Altar of Darkness
55:38 Necropolis
55:44 Necropolis
55:49 Necropolis
55:57 Necropolis
56:03 Necropolis
56:08 Necropolis
56:13 Necropolis

»
CantelopeBandit (
blue | 26 APM | 696 actions | 26:23)
2 Warden
1 Fan of Knives
1 Blink
» actions
| Assign group hotkey | 16 | |
| Basic commands | 50 | |
| Build / train | 67 | |
| Enter build submenu | 18 | |
| Enter hero's abilities submenu | 2 | |
| Remove unit from queue | 1 | |
| Right click | 169 | |
| Select / deselect | 247 | |
| Select group hotkey | 85 | |
| Use ability | 41 | |
696 total
» units
| Wisp | 17 | |
| Huntress | 12 | |
| Glaive Thrower | 26 | |
55 total
» upgrades
| Strength of the Moon | 3 | |
| Moon Armor | 3 | |
| Vorpal Blades | 1 | |
7 total
» buildings
| Moon Well | 8 | |
| Hunter's Hall | 1 | |
| Ancient of War | 5 | |
| Altar of Elders | 1 | |
| Tree of Ages | 1 | |
| Tree of Eternity | 1 | |
| Tree of Life | 2 | |
19 total
» build order
03:05 Moon Well
04:01 Hunter's Hall
04:30 Ancient of War
04:34 Ancient of War
04:41 Altar of Elders
05:04 Moon Well
05:58 Moon Well
06:00 Moon Well
07:18 Ancient of War
07:20 Ancient of War
07:23 Ancient of War
09:21 Tree of Ages
10:05 Moon Well
10:07 Moon Well
11:02 Moon Well
11:04 Moon Well
12:20 Tree of Eternity
22:56 Tree of Life
25:27 Tree of Life
Chat log
(00:27 / Allies) LeavePlzYouLost: plan
(00:33 / All) lskjfldksjflsdk: green got till 2 min
(00:34 / All) lskjfldksjflsdk: or less
(00:37 / All) lskjfldksjflsdk: b4 i quit
(00:51 / All) lskjfldksjflsdk: Since I "Lost"
(00:55 / All) lskjfldksjflsdk: I may quit now
(01:37 / All) lskjfldksjflsdk: 20
(01:38 / All) lskjfldksjflsdk: 19
(01:39 / All) lskjfldksjflsdk: 18
(01:40 / All) lskjfldksjflsdk: 17
(01:41 / All) lskjfldksjflsdk: 16
(01:42 / All) lskjfldksjflsdk: 15
(01:43 / All) lskjfldksjflsdk: 14
(01:44 / All) lskjfldksjflsdk: 13
(01:45 / All) lskjfldksjflsdk: 12
(01:46 / All) lskjfldksjflsdk: 11
(01:47 / All) lskjfldksjflsdk: 10
(01:48 / All) lskjfldksjflsdk: 9
(01:49 / All) lskjfldksjflsdk: 8
(01:50 / All) lskjfldksjflsdk: 7
(01:51 / All) lskjfldksjflsdk: 6
(01:52 / All) lskjfldksjflsdk: 5
(01:53 / All) lskjfldksjflsdk: 4
(01:54 / All) lskjfldksjflsdk: 3
(01:55 / All) lskjfldksjflsdk: 2
(01:56 / All) lskjfldksjflsdk: 1
(01:57 / All) lskjfldksjflsdk: 0
(02:06 / All) revygcam: WAEK
(02:12 / All) revygcam: WEAK
(02:15 / All) revygcam: FUCKING
(09:16 / Allies) CantelopeBandit: lets finish this
(12:45 / Allies) CantelopeBandit: how bout that feed
(13:10 / Allies) CantelopeBandit: gold me a little yellow?
(13:20 / Allies) CantelopeBandit: haha
(15:03 / Allies) CantelopeBandit: ty
(21:41 / Allies) CantelopeBandit: bs
(21:42 / All) CantelopeBandit: bs
(21:43 / All) CantelopeBandit: Bs
(21:45 / All) LeavePlzYouLost: ?
(21:51 / All) CantelopeBandit: why didnt they keep hittting?
(21:57 / All) CantelopeBandit: so gay
(24:39 / Allies) LeavePlzYouLost: purple give me your gold if you're not afk nigger
(25:18 / All) JailhouseRock: they do splash damage, sir
(25:36 / All) CantelopeBandit: cool
(26:01 / Allies) CantelopeBandit: bye
(26:03 / All) CantelopeBandit: bye
(26:04 / Allies) LeavePlzYouLost: cu
(27:03 / All) LeavePlzYouLost: Come at me holmes
(27:10 / All) JailhouseRock: Rather you are lucky I stayed
(27:20 / All) JailhouseRock: To be a part of this monumental game
(27:23 / All) LeavePlzYouLost: Freeing up food with wisps sir?
(27:37 / All) donjohn: :0
(30:44 / All) JailhouseRock: This has worked out just right
(32:31 / All) LeavePlzYouLost: raped
(32:52 / All) LeavePlzYouLost: out
(33:08 / All) JailhouseRock: Not raped
(33:12 / All) JailhouseRock: Just surprised sexed
(33:17 / All) JailhouseRock: And everybody likes surprises!
(33:21 / All) JailhouseRock: Just ask Miguel Torres
(33:52 / All) LeavePlzYouLost: who was controling teal on your team anyway?
(33:53 / All) donjohn: y did u kill me u faggot
(33:57 / All) donjohn: me
(33:58 / All) JailhouseRock: He was
(34:08 / All) LeavePlzYouLost: Green likes anal penetration
(34:10 / All) JailhouseRock: he was afk at start
(34:17 / All) donjohn: jerking off
(34:24 / All) LeavePlzYouLost: You like that, too?
(34:25 / All) donjohn: perfectly reasonable
(34:40 / All) donjohn: yes after a night of drinking smoking and no girl
(34:43 / All) JailhouseRock: I killed you because we're all going to play a nice little game of Mexican Standoff
(34:46 / All) donjohn: i do like to have a wank
(34:58 / All) LeavePlzYouLost: Green, here are the rules
(35:01 / All) LeavePlzYouLost: You can still win this
(35:04 / All) LeavePlzYouLost: We will kill everything
(35:07 / All) LeavePlzYouLost: Including our shit
(35:11 / All) LeavePlzYouLost: 2 buildings will remain, no units
(35:16 / All) LeavePlzYouLost: The one with the best internet wins
(35:28 / All) LeavePlzYouLost: Aww
(35:29 / All) JailhouseRock: lol
(35:36 / All) JailhouseRock: He didn't want no part of that
(36:04 / All) LeavePlzYouLost: lol hex
(38:55 / All) JailhouseRock: are you a BS?
(38:56 / All) LeavePlzYouLost: Sorry oj, you have no fortified armour
(39:09 / All) JailhouseRock: You got a BS orange? I hate wehn that happens!
(39:14 / All) LeavePlzYouLost: Me too
(39:45 / All) LeavePlzYouLost: You can use blue's hero orange
(43:04 / All) JailhouseRock: mass tp has a super quick cooldown
(43:10 / All) LeavePlzYouLost: I know, it's insane
(43:32 / All) JailhouseRock: Seems like BM and warden were nerfed and arch mage's mass tp was enhanced
(43:37 / All) JailhouseRock: It was already imba
(44:13 / All) LeavePlzYouLost: My shredder is a god damn retard, it has been trying to get to the lumber mill all game with its bad pathing
(47:22 / All) LeavePlzYouLost: Shit, so close to buying one last NE orb
(47:29 / All) JailhouseRock: Oh
(48:18 / All) LeavePlzYouLost: Orange, if you leave, you get a tie
(48:22 / All) LeavePlzYouLost: If you stay, you get a loss
(48:25 / All) LeavePlzYouLost: It's your choice
(48:58 / All) LeavePlzYouLost: What is that, orange? Your silence does not answer the question.
(49:01 / All) LeavePlzYouLost: Tie, or loss?
(49:33 / All) LeavePlzYouLost: Hm, I guess that means loss
(50:47 / All) JailhouseRock: 32k
(50:54 / All) LeavePlzYouLost: I just have 2k
(51:06 / All) JailhouseRock: I killed my tier3 hall before teal left
(51:12 / All) LeavePlzYouLost: Orange, you can still leave to get a tie instead of loss
(51:16 / All) LeavePlzYouLost: If you are so inclined
(52:17 / All) JailhouseRock: ivory towers use to be level 1 didn't they
(52:28 / Allies) revygcam: CRAZY
(52:31 / All) LeavePlzYouLost: CRAZY - orange
(52:34 / All) LeavePlzYouLost: He lives!
(53:15 / All) LeavePlzYouLost: For ivory towers, I think so. I don't really remember though
(54:15 / All) JailhouseRock: poor riffles
(54:26 / All) LeavePlzYouLost: I almost feel sorry for them because they're dwarves
(55:36 / All) LeavePlzYouLost: Orange, no rebuilding with purple.
(55:41 / All) LeavePlzYouLost: Undead have unsummon, moron.
(56:22 / All) LeavePlzYouLost: Just 2 towers left now
(56:37 / All) LeavePlzYouLost: Any last words, orange?
(57:11 / All) LeavePlzYouLost: Orange, have you any last words to end it all?
(57:22 / All) LeavePlzYouLost: You are 97-106 w/l
(57:33 / All) LeavePlzYouLost: Bye, orange.